 Dungeon Crawl Stone Soup version 0.26-a0-149-g49b1be5409 (webtiles) character file.

Game seed: 16913289554150596198

5233 Murumi the Cleaver (level 10, -1/91 HPs)
             Began as a Hill Orc Fighter on June 30, 2020.
             Was a Priest of Beogh.
             Killed from afar by SkyBlueFox's ghost (9 damage)
             ... with a magic dart
             ... on level 8 of the Dungeon.
             The game lasted 00:43:01 (10356 turns).

Murumi the Cleaver (Hill Orc Fighter)              Turns: 10356, Time: 00:43:02

Health: -1/91      AC: 15    Str: 21    XL:     10   Next: 61%
Magic:  14/14      EV:  7    Int: 10    God:    Beogh [***...]
Gold:   454        SH: 12    Dex: 10    Spells: 9/9 levels left

rFire    . . .     SeeInvis .   a - +1 war axe
rCold    + . .     Faith    +   c - +1 kite shield
rNeg     . . .     Spirit   .   m - +0 chain mail
rPois    .         Reflect  .   o - +0 helmet
rElec    .         Harm     .   e - +0 cloak
rCorr    .                      p - +0 pair of gloves
MR       .....                  (no boots)
Stlth    ..........             k - amulet of faith
HPRegen  0.25/turn              l - ring of protection from cold
MPRegen  0.14/turn              (no ring)

@: mighty, hasted, very quick
A: no striking features
a: Smiting, Renounce Religion


You were on level 8 of the Dungeon.
You worshipped Beogh.
Beogh was most pleased with you.
You were not hungry.

You visited 2 branches of the dungeon, and saw 9 of its levels.

You collected 454 gold pieces.

Inventory:

Hand Weapons
 a - a +1 war axe (weapon)
Armour
 c - a +1 kite shield (worn)
 e - a +0 cloak (worn)
 m - a +0 chain mail (worn)
 o - a +0 helmet (worn)
 p - a +0 pair of gloves (worn)
Jewellery
 k - an amulet of faith (around neck)
 l - a ring of protection from cold (left hand)
 y - an uncursed amulet of reflection
Wands
 d - a wand of digging (3)
 n - a wand of flame (6)
 r - a wand of clouds (10)
 x - a wand of iceblast (12)
 D - a wand of acid (5)
 E - a wand of enslavement (15)
Scrolls
 b - 2 scrolls of identify
 j - 4 scrolls of teleportation
 s - a scroll of amnesia
 t - 5 scrolls of remove curse
 u - a scroll of magic mapping
 w - a scroll of enchant weapon
 z - a scroll of enchant armour
 A - a scroll of fear
Potions
 g - 2 potions of curing
 h - a potion of haste
 i - 3 potions of brilliance
 q - a potion of magic
 v - a potion of flight
 B - a potion of cancellation
Comestibles
 f - 17 rations


   Skills:
 - Level 9.0 Fighting
 - Level 10.0 Axes
 + Level 8.8 Armour
 - Level 2.0 Dodging
 - Level 8.0 Shields
 - Level 6.0 Invocations
 - Level 3.0 Evocations


You had 9 spell levels left.
You didn't know any spells.
Your spell library was empty.

Dungeon Overview and Level Annotations

Branches:
Dungeon (8/15)             Temple (1/1) D:7
   Lair: D:8-11

Altars:
Trog

Shops:
D:5 [   D:8 %

Annotations:
D:8 SkyBlueFox's ghost, novice GnCj


Message History

You closely miss SkyBlueFox's ghost. You slash the big kobold!
You kill the big kobold!
Beogh accepts your kill.
You slash the big kobold!
You kill the big kobold!
Beogh accepts your kill.
Your orc priest looks more experienced.
Your orc priest invokes the aid of Beogh against the big kobold.
The big kobold writhes in agony!
The big kobold dies!
Beogh accepts your kill. SkyBlueFox's ghost hits you.
* * * LOW HITPOINT WARNING * * *
The big kobold throws a stone.
The stone hits you but does no damage.
You barely miss SkyBlueFox's ghost.
Your orc priest barely misses SkyBlueFox's ghost.
You miss SkyBlueFox's ghost. You closely miss the big kobold.
SkyBlueFox's ghost gestures at you while chanting.
The magic dart hits you!
You die...

.# #...####.##.....o.....# ##(...
.# #...# #.#####........# #((..
.# #...####.# #####.#######)...
.# #......#.#####...#.......()...
## #...##.###...###.#########)...
#...##.##...K.##.##.....#.....
#..<####..#.#K.#........#.....
#......#8.#.#.8#.##.#####...##
#######.###..#.#@)#.##......#..#.
.....##.####..)WK##.####.........
####.##.##.##'o'##..####.#......#
#..........)............###.##
####.........#.####..............
.............#...##.........#..##
#...#....#...#.#.##.........#....
#...#....#####.#...#####..#.#[###
#......#######.###o#####..#.#(# #


You could see 3 big kobolds, SkyBlueFox's ghost and a friendly orc priest.

Vanquished Creatures
  Harold (D:7)
  Pikel (D:6)
  A kobold demonologist (D:8)
  Prince Ribbit (D:6)
  Sigmund (D:3)
  Eustachio (D:6)
  A hungry ghost (D:8)
  A steam dragon (D:7)
  Duvessa (D:7)
  An orc warrior (D:6)
  2 ice beasts
  3 phantoms
  4 slaves (D:6)
  2 ogres
  4 centaurs
  2 big kobolds (D:8)
  3 bullfrogs
  2 scorpions (D:7)
  Dowan (D:7)
  6 howler monkeys
  6 crimson imps
  2 bullfrog zombies (D:7)
  A centaur zombie (D:5)
  2 jellies
  Crazy Yiuf (D:6)
  2 hounds
  3 orc priests
  Jessica (D:3)
  4 orc wizards
  6 worker ants
  A killer bee zombie (D:6)
  The ghost of Maedhros the Sneak, a weakling OpAr (D:4)
  12 gnolls
  12 adders
  A shadow imp (D:3)
  An ooze (D:1)
  An adder zombie (D:6)
  A worm (D:2)
  4 dart slugs
  3 leopard geckos
  13 orcs
  7 giant cockroaches
  7 goblins
  8 hobgoblins
  9 jackals
  13 kobolds
  A quokka (D:6)
  3 ball pythons
  7 bats
  6 frilled lizards
  A leopard gecko skeleton (D:5)
  9 rats
  A fungus (D:6)
189 creatures vanquished.

Vanquished Creatures (collateral kills)
  A big kobold (D:8)
  A howler monkey (D:8)
  2 orc priests (D:8)
  A bullfrog zombie (D:8)
  2 orc wizards (D:8)
  An adder zombie (D:8)
8 creatures vanquished.

Vanquished Creatures (others)
  An orc warrior (D:8)
  2 orc wizards (D:8)
  2 orcs (D:8)
  2 fungi (D:8)
  2 plants (D:8)
9 creatures vanquished.

Grand Total: 206 creatures vanquished

Notes
Turn   | Place    | Note
-------+----------+-------------------------------------------
     0 | D:1      | Murumi the Hill Orc Fighter began the quest for the Orb.
     0 | D:1      | Reached XP level 1. HP: 19/19 MP: 1/1
    44 | D:1      | Reached skill level 3 in Axes
   177 | D:1      | Reached XP level 2. HP: 17/27 MP: 2/2
   488 | D:1      | Reached skill level 4 in Axes
   528 | D:1      | Reached XP level 3. HP: 33/33 MP: 3/3
   552 | D:1      | Reached skill level 1 in Dodging
   932 | D:1      | Reached skill level 5 in Axes
   932 | D:1      | Reached XP level 4. HP: 19/40 MP: 4/4
  1323 | D:1      | Reached XP level 5. HP: 35/46 MP: 5/5
  2214 | D:2      | Noticed a phantom
  2257 | D:2      | Killed a phantom
  2257 | D:2      | Reached skill level 5 in Fighting
  2257 | D:2      | Reached skill level 6 in Axes
  2257 | D:2      | Reached XP level 6. HP: 32/56 MP: 6/6
  2810 | D:3      | Noticed Sigmund
  2815 | D:3      | Killed Sigmund
  2815 | D:3      | Reached XP level 7. HP: 63/63 MP: 7/7
  2958 | D:3      | Became a worshipper of Beogh the Brigand
  3068 | D:3      | Reached skill level 7 in Axes
  3479 | D:3      | Noticed Jessica
  3489 | D:3      | Killed Jessica
  3489 | D:3      | Reached skill level 1 in Invocations
  3814 | D:4      | Reached skill level 1 in Evocations
  4079 | D:4      | Found a runed translucent door.
  4079 | D:4      | Noticed Maedhros's ghost (weakling OpAr)
  4551 | D:4      | Killed Maedhros's ghost
  4579 | D:5      | Entered Level 5 of the Dungeon
  4757 | D:5      | Found Fihiare's Antique Armour Emporium.
  5614 | D:6      | Reached skill level 5 in Armour
  5653 | D:6      | Reached * piety under Beogh
  5653 | D:6      | Reached XP level 8. HP: 63/70 MP: 10/10
  5737 | D:6      | Reached skill level 5 in Shields
  5771 | D:6      | Noticed Eustachio
  5814 | D:6      | Killed Eustachio
  5814 | D:6      | Reached skill level 8 in Axes
  6682 | D:6      | Noticed Prince Ribbit
  6682 | D:6      | Noticed Pikel
  6701 | D:6      | Killed Prince Ribbit
  6706 | D:6      | Killed Pikel
  6706 | D:6      | Reached skill level 9 in Axes
  6706 | D:6      | Reached XP level 9. HP: 48/79 MP: 12/12
  7025 | D:6      | Found a bloodstained altar of Trog.
  7255 | D:6      | Found a runed translucent door.
  7256 | D:6      | Noticed Crazy Yiuf
  7263 | D:6      | Killed Crazy Yiuf
  7427 | D:7      | Noticed Duvessa
  7427 | D:7      | Noticed Dowan
  7441 | D:7      | Killed Dowan
  7448 | D:7      | Killed Duvessa
  7448 | D:7      | Reached ** piety under Beogh
  7568 | D:7      | Found a staircase to the Ecumenical Temple.
  7773 | D:7      | Noticed Harold
  7787 | Temple   | Entered the Ecumenical Temple
  8091 | D:7      | HP: 6/121 [Harold/+0 halberd (10)]
  8097 | D:7      | Killed Harold
  8097 | D:7      | Reached skill level 5 in Invocations
  8098 | D:7      | HP: 3/123 [steam dragon/ball of steam (11)]
  8107 | D:7      | Reached XP level 10. HP: 17/91 MP: 13/13
  8622 | D:7      | Reached skill level 10 in Axes
  9062 | D:8      | Reached *** piety under Beogh
  9403 | D:8      | Found Homa Lot's Food Emporium.
  9969 | D:8      | Found a runed translucent gate.
  9969 | D:8      | Found a runed translucent gate.
  9969 | D:8      | Found a runed translucent gate.
  9970 | D:8      | Noticed SkyBlueFox's ghost (novice GnCj)
  9970 | D:8      | Noticed a kobold demonologist
 10325 | D:8      | Paralysed by a big kobold for 3 turns
 10349 | D:8      | Killed a kobold demonologist
 10356 | D:8      | Killed from afar by SkyBlueFox's ghost

Illustrated notes

Levels and vault maps discovered:
D:1:      scummos_arrival_forest, layout_basic, minmay_strange_pillars
D:2:      layout_loops_corners, first_ration, dk_vineyard_3
D:3:      layout_basic, uniq_sigmund, uniq_jessica
D:4:      layout_basic, hellmonk_ghost_happy_afterlife, chequers_garden
D:5:      layout_layer_cave, serial_shops, nicolae_shop_trees
D:6:      layout_gridville, serial_bayou_pond_c, trog_hazing_becter, uniq_pikel,
          uniq_crazy_yiuf_cottage, uniq_eustachio, uniq_prince_ribbit1
D:7:      layout_basic, minmay_temple_entry_grid, uniq_harold, uniq_duvessa
D:8:      layout_basic, gammafunk_ghost_nasty_kobolds, serial_shops, shop
Temple:   compressed_dpeg_circular_temple

Skill      XL: |  1  2  3  4  5  6  7  8  9 10 |
---------------+-------------------------------+-----
Axes           | 3 4 5 6 7 9 10 | 10.0
Fighting       | 4 5 6 7 9 |  9.0
Dodging        | 1 2 |  2.0
Armour         | 4 5 6 7 8 |  8.8
Shields        | 4 6 7 8 |  8.0
Invocations    | 3 4 5 6 |  6.0
Evocations     | 2 3 |  3.0

Action                   |  1- 3 |  4- 6 |  7- 9 | 10-12 || total
-------------------------+-------+-------+-------+-------++-------
Melee: War axe           |   118 |   158 |   371 |   198 ||   845
Invok: Convert to Beogh  |       |       |     1 |       ||     1
Evoke: Wand              |       |       |       |     2 ||     2
  Use: Scroll            |     5 |     5 |    10 |     2 ||    22
       Potion            |       |     1 |     6 |     3 ||    10
  Eat: Chunk             |       |     4 |    12 |     6 ||    22
       Ration            |       |     1 |     1 |     1 ||     3
Armor: Scale mail        |    50 |    78 |   105 |       ||   233
       Chain mail        |       |       |    52 |    89 ||   141
       Skin              |       |       |    31 |     3 ||    34
Dodge: Dodged            |    34 |    53 |    97 |    40 ||   224
Block: Kite shield       |    57 |    76 |   227 |    84 ||   444

Table legend:
 A = Non-vault XP
 B = Vault XP
 C = Vault XP percentage of total XP
 D = Non-vault monster count
 E = Vault monster count
 F = Vault count percentage of total count
                 A         B        C        D         E       F
            +---------+---------+-------+---------+---------+-------
      Total |    4352 |    3124 |  41.8 |     172 |      20 |  10.4
            +---------+---------+-------+---------+---------+-------
        D:1 |     152 |       0 |   0.0 |      35 |       0 |   0.0
        D:2 |     244 |       0 |   0.0 |      23 |       0 |   0.0
        D:3 |      88 |     245 |  73.6 |      24 |       2 |   7.7
        D:4 |      90 |      19 |  17.4 |       3 |       1 |  25.0
        D:5 |     148 |       0 |   0.0 |       5 |       0 |   0.0
        D:6 |     589 |    1140 |  65.9 |      20 |      10 |  33.3
        D:7 |    1491 |    1100 |  42.5 |      28 |       3 |   9.7
        D:8 |    1550 |     620 |  28.6 |      34 |       4 |  10.5
            +---------+---------+-------+---------+---------+-------
